Map: Dusk Towers

Players

БольшойБОСС - Winner!

  • Race: Terran Terran
  • League: Grandmaster

SoulKey

  • Race: Zerg Zerg

Event: Gauntlet LotV Series 1 Qualifier 2

VOD

Have the link to the VOD?

Description

Time

  • Played on: Dec. 5, 2015, 4:14 p.m.
  • Length: 11:26

All games in this series

Show
View Real Time Build Order
Export as new Build Order

БольшойБОСС Terran - Winner!

Build Orders: Liberator Opening, Reaper Expand, MMM Bio 

Get SALT Encoding   

  12  0:01  SCV  
  13  0:13  SCV  
  14  0:17  Supply Depot  
  14  0:25  SCV  
  15  0:39  SCV  
  15  0:40  Barracks  
  16  0:44  Refinery  
  16  0:51  SCV  
  17  1:03  SCV  
  18  1:15  SCV  
  19  1:27  Orbital Command  
  19  1:28  Reaper  
  20  1:39  Command Center  
  20  1:49  Supply Depot  
  20  1:53  SCV  
  21  1:56  Refinery  
  21  2:00  Marine  
  22  2:05  SCV  
  23  2:14  Factory  
  23  2:17  SCV  
  23  2:22  Barracks Reactor  
  24  2:29  SCV  
  25  2:41  SCV  
  26  2:51  Orbital Command  
  26  2:53  SCV  
  27  3:05  SCV, Starport  
  28  3:07  Hellion x2  
  32  3:13  Barracks Reactor  
  32  3:17  SCV x2  
  34  3:28  Supply Depot, Hellion x2  
  34  3:29  SCV x2  
  40  3:40  Liberator x2  
  40  3:41  SCV x2  
  42  3:49  Refinery  
  42  3:51  Hellion x2  
  42  3:53  SCV  
  42  3:54  SCV  
  54  4:03  Supply Depot  
  54  4:04  Barracks Tech Lab  
  54  4:17  Barracks  
  54  4:18  Barracks  
  54  4:22  Factory Tech Lab  
  54  4:25  SCV x2, Liberator  
  54  4:28  Refinery  
  56  4:35  Supply Depot  
  56  4:37  SCV x2  
  58  4:40  Liberator  
  61  4:47  Marine  
  61  4:50  Supply Depot  
  62  4:57  SCV x2, Siege Tank  
  70  5:06  Engineering Bay  
  70  5:07  Engineering Bay  
  70  5:11  Marine  
  70  5:12  SCV x2, Stimpack  
  73  5:16  Supply Depot, Barracks Reactor  
  73  5:19  Marine  
  74  5:24  SCV x2  
  74  5:27  Marine  
  77  5:34  Terran Infantry Weapons Level 1, Terran Infantry Armor Level 1  
  77  5:36  SCV  
  77  5:41  Marine  
  79  5:44  Marine  
  79  5:46  Marine  
  79  5:49  Siege Tank  
  84  5:58  Command Center  
  84  5:59  Marine  
  84  6:03  SCV, Liberator  
  86  6:19  Marine x3  
  86  6:20  Missile Turret  
  86  6:30  Missile Turret  
  86  6:32  Liberator  
  86  6:33  Armory  
  86  6:34  Missile Turret  
  86  6:37  Barracks  
  86  6:39  Barracks  
  86  6:45  Marine x2  
  86  6:46  SCV  
  86  7:07  Supply Depot  
  86  7:08  Supply Depot  
  86  7:09  Widow Mine  
  86  7:10  Supply Depot, Medivac, Orbital Command, SCV, Marine x2  
  86  7:13  Combat Shields  
  86  7:15  Marine  
  90  7:16  Marine  
  90  7:17  Marine  
  90  7:19  SCV  
  94  7:26  Marine  
  94  7:27  Marine x3  
  90  7:33  Marine  
  90  7:34  Marine  
  90  7:35  Marine, Medivac  
  90  7:36  Orbital Command  
  95  7:39  Starport  
  95  7:40  Terran Infantry Armor Level 2  
  95  7:44  Marine  
  95  7:45  Marine  
  95  7:47  Terran Infantry Weapons Level 2  
  95  7:48  SCV  
  98  7:52  Medivac  
  100  7:59  SCV  
  100  8:00  SCV  
  100  8:01  SCV, Refinery  
  100  8:02  Missile Turret  
  100  8:03  Refinery, Factory Reactor  
  100  8:04  Marine  
  100  8:05  Barracks Reactor x2  
  104  8:06  Liberator  
  104  8:07  Liberator  
  104  8:10  Supply Depot  
  104  8:11  SCV  
  105  8:14  Marine  
  105  8:16  SCV  
  105  8:18  SCV, Liberator  
  105  8:19  Marine x2  
  109  8:23  SCV  
  117  8:28  SCV  
  117  8:29  Marine  
  117  8:33  SCV  
  117  8:34  Marine  
  121  8:36  Marine  
  125  8:41  Marine x2  
  125  8:42  Marine  
  125  8:46  SCV  
  129  8:50  SCV  
  129  8:52  Marine  
  129  8:54  Marauder  
  129  8:55  Marine x3  
  132  8:58  SCV  
  132  9:00  Marine  
  132  9:08  SCV  
  132  9:09  Marine x2  
  132  9:15  Supply Depot x2  
  132  9:16  Supply Depot  
  132  9:18  Supply Depot, Terran Vehicle Weapons Level 1  
  132  9:19  SCV, Factory  
  133  9:27  Marine  
  133  9:33  Supply Depot  
  133  9:37  Marauder, SCV, Medivac x3, Siege Tank, Marine x3  
  148  9:39  Marine  
  148  9:43  SCV  
  148  9:44  Marine x2  
  152  9:47  Supply Depot  
  152  9:48  Supply Depot, Marine  
  153  9:58  Marine  
  153  9:59  Marauder  
  146  10:03  Marine  
  146  10:04  Marine  
  146  10:06  Marine  
  130  10:07  SCV  
  130  10:10  Marine x2  
  130  10:11  Marine  
  127  10:19  Marine  
  127  10:20  Liberator, Marauder  
  130  10:22  Marine  
  130  10:26  Factory Tech Lab  
  131  10:30  Marine  
  131  10:32  Marine x2  
  131  10:33  Marine  
  131  10:34  Siege Tank  
  131  10:35  Medivac x2  
  140  10:41  Marauder  
  131  10:51  Marine  
  125  11:02  Marine x3  
  125  11:03  Marine, Marauder  
  124  11:05  Marine x3  
Show
View Real Time Build Order
Export as new Build Order

SoulKey Zerg 

Build Orders: Hatch First, Muta Ling Bane 

Get SALT Encoding   

  12  0:01  Drone  
  13  0:13  Overlord  
  13  0:17  Drone  
  14  0:32  Drone x2  
  14  0:35  Drone  
  17  0:53  Hatchery  
  17  0:55  Drone  
  17  0:58  Drone  
  18  1:10  Extractor  
  17  1:12  Spawning Pool  
  17  1:15  Drone  
  17  1:18  Drone  
  18  1:28  Drone  
  19  1:39  Overlord  
  19  1:59  Queen  
  19  2:00  Zergling x2  
  22  2:05  Queen  
  22  2:06  Drone, Zergling x2  
  26  2:14  Metabolic Boost  
  26  2:16  Drone x2  
  28  2:30  Drone x2  
  28  2:35  Queen  
  31  2:40  Drone  
  31  2:43  Queen  
  34  2:46  Overlord  
  34  2:47  Overlord  
  34  2:50  Drone  
  34  3:00  Drone  
  35  3:08  Drone  
  35  3:09  Drone x2  
  35  3:12  Drone  
  39  3:13  Drone x2  
  39  3:16  Drone  
  39  3:17  Drone x2  
  39  3:18  Drone  
  45  3:27  Drone  
  45  3:30  Lair  
  45  3:31  Drone  
  47  3:35  Spine Crawler  
  47  3:36  Extractor  
  47  3:37  Extractor  
  47  3:40  Drone x2  
  46  3:43  Extractor  
  46  3:46  Overlord  
  45  3:49  Drone x3  
  48  3:56  Zergling x4  
  48  3:58  Baneling Nest, Drone x2  
  48  4:00  Overlord  
  51  4:07  Drone  
  52  4:11  Drone  
  52  4:13  Drone  
  54  4:17  Drone x2, Overlord  
  54  4:22  Drone  
  57  4:33  Spire  
  57  4:34  Drone  
  57  4:36  Zergling x4  
  59  4:40  Overlord  
  59  4:51  Drone  
  60  4:54  Overlord  
  60  4:59  Hatchery  
  59  5:04  Drone x2  
  61  5:10  Evolution Chamber  
  61  5:11  Roach Warren  
  61  5:12  Evolution Chamber  
  58  5:15  Drone  
  58  5:16  Drone x2  
  58  5:17  Spore Crawler  
  58  5:21  Overseer  
  50  5:45  Drone x2  
  50  5:46  Mutalisk x5  
  50  5:47  Mutalisk x2  
  66  5:50  Overlord  
  66  5:52  Glial Reconstitution  
  66  5:57  Overlord  
  66  6:01  Zerg Missile Weapons Level 1  
  66  6:04  Overlord  
  66  6:14  Roach x3  
  71  6:22  Drone x2  
  71  6:24  Drone  
  74  6:28  Roach  
  74  6:29  Roach  
  80  6:33  Roach x2  
  80  6:39  Zerg Ground Armor Level 1  
  82  6:41  Zergling x4  
  82  6:43  Drone  
  85  6:51  Overlord, Roach x2  
  89  6:56  Overlord  
  89  7:02  Overlord  
  89  7:04  Drone  
  90  7:15  Drone x6  
  93  7:16  Drone x3  
  97  7:25  Drone x2  
  91  7:33  Drone x10  
  91  7:35  Extractor  
  100  7:38  Zerg Flyer Weapons Level 1  
  100  7:39  Extractor  
  100  7:40  Overlord  
  99  7:48  Zergling x2  
  99  7:49  Zergling x6  
  103  7:56  Overlord  
  103  8:00  Ravager x4  
  103  8:01  Ravager  
  103  8:05  Hatchery  
  107  8:06  Overlord  
  107  8:09  Zergling x14  
  114  8:17  Drone  
  114  8:19  Baneling Nest  
  114  8:24  Mutalisk x5  
  120  8:29  Zerg Melee Weapons Level 1  
  120  8:32  Roach x2  
  124  8:35  Roach  
  124  8:36  Roach x2  
  124  8:37  Roach x3  
  124  8:38  Overlord  
  136  8:46  Zergling x2  
  136  8:48  Centrifical Hooks  
  136  8:49  Overlord  
  136  8:53  Overlord  
  133  8:59  Overlord  
  133  9:02  Overlord  
  127  9:10  Roach x5  
  127  9:13  Roach x4  
  127  9:14  Overlord x3  
  127  9:15  Overlord  
  145  9:19  Roach x2  
  145  9:21  Ravager x3  
  145  9:22  Ravager x2  
  154  9:32  Zergling x2  
  154  9:33  Zergling x8  
  154  9:37  Ravager  
  160  9:38  Queen  
  160  9:43  Roach x3  
  168  9:57  Roach  
  154  10:02  Roach x10  
  154  10:06  Roach x2  
  141  10:08  Roach  
  110  10:15  Zergling x16  
  110  10:19  Ravager x2  
  110  10:20  Roach x3  
  127  10:21  Ravager  
  127  10:22  Ravager  
  127  10:23  Zergling x6  
  131  10:29  Zergling x6  
  131  10:30  Extractor  
  134  10:35  Drone  
  128  10:45  Roach x7  
  125  10:52  Roach  
  125  10:53  Roach x4  
  122  10:58  Zergling x4  
  122  11:01  Roach x2  
  116  11:05  Roach x2  
Tags
 
Add a new tag
Caveats
  • Supply blocks, unpowered buildings, or Contaminate may cause inaccurate times.
  • Supply counts are checked every 10 seconds.